Unix NetHack Version 5.0.0-0 post-release - last build Jun 10 2026 00:39:30 (3ee93aec679c4c4259841fe613dc97188e26a321,branch:main).

Game began 2026-06-13 16:03:30, ended 2026-06-13 16:26:44.

LDaviesPeters, neutral female human Archeologist

                                                          ...
                                                         --.-
                                                        --.<|
                                                        |..h---
                                                        |-).@)).
                                                        |....h..
                                                        -......
                                                         .....
                                                          ...

LDaviesPeters the Field Worker  St:13 Dx:13 Co:12 In:16 Wi:18 Ch:8  Neutral
Dlvl:4  $:0  HP:0(34) Pw:20(20) AC:8  Xp:4 T:2275 

Latest messages:
 You are almost hit by a dart.
 What do you want to use or apply? [abfgijlopv or ?*] ?
 Your lamp is now on.
 You are hit by a dart.
 You see here a dart.
 The dwarf throws a stout spear!
 You are hit by a stout spear!
 What do you want to zap? [ov or ?*] ?
 What do you want to zap? [ov or ?*] <space>
 Never mind.
 What do you want to throw? [mI or ?*] ?
 In what direction? 6
 The dart hits the dwarf.
 What do you want to throw? [mI or ?*] I
 In what direction? 6
 The dart hits the dwarf.
 The gnome throws a dart!
 The dart hits the dwarf.
 What do you want to throw? [mI or ?*] I
 In what direction? 6
 The dart misses the dwarf.
 The dwarf wields a broad short sword!
 What do you want to throw? [mI or ?*] I
 In what direction? 6
 The dart misses the dwarf.
 What do you want to throw? [mI or ?*] I
 In what direction? 6
 The dart misses the dwarf.
 You miss the gnome.
 The gnome hits!
 You lash the gnome.
 You hear crashing rock.
 You lash the gnome.
 The gnome hits!
 The dwarf thrusts his broad short sword.
 The dwarf hits!
 You kill the gnome!
 You miss the dwarf.
 You lash the dwarf.
 You lash the dwarf.
 You miss the dwarf.
 The hobbit throws a throwing star!
 You are hit by a throwing star.
 You miss the dwarf.
 The hobbit wields a dagger!
 You lash the dwarf.
 The dwarf thrusts his broad short sword.
 The dwarf hits!
 You die...
 Do you want your possessions identified? [ynq] (y) q

Inventory:
 Amulets  ('"')
  E - a cursed amulet of strangulation named Cursed
 Weapons  (')')
  I - 8 +0 darts
  m - a +0 orcish dagger (at the ready)
  a - a +2 bullwhip (weapon in right hand)
 Armor    ('[')
  c - an uncursed +0 fedora
  k - an uncursed +0 orcish helm (being worn)
  h - a blessed +0 leather jacket (being worn)
 Comestibles  ('%')
  s - an uncursed slime mold
  d - 2 uncursed food rations
 Wands    ('/')
  v - a wand of enlightenment (0:12)
  o - a wand of teleportation (0:3)
 Tools    ('(')
  b - an uncursed sack containing 2 items
  l - an uncursed brass lantern
  j - a blessed oil lamp (lit)
  p - a +0 pick-axe
  i - an uncursed tin opener
  f - a tinning kit (0:43)
 Gems/Stones  ('*')
  g - an uncursed touchstone

Contents of the sack:
  94 gold pieces
  a blessed scroll of teleportation

LDaviesPeters the Archeologist's attributes:

Background:
 You were a Field Worker, a level 4 female human Archeologist.
 You were neutral, nominally on a mission for Camaxtli
 who was opposed by Quetzalcoatl (lawful) and Huhetotl (chaotic).
 You were right-handed.
 You were in the Gnomish Mines, on level 4.
 You entered the dungeon 2275 turns ago.
 You had 114 experience points, 46 more were needed to attain level 5.

Basics:
 You had 0 out of 34 hit points.
 You had all 20 energy points (spell power).
 Your armor class was 8.
 Your wallet was empty, but
 you had 94 zorkmids stashed away in your pack.
 Autopickup was off.

Final Characteristics:
 Your strength was 13 (limit:18/100).
 Your dexterity was 13 (limit:18).
 Your constitution was 12 (limit:18).
 Your intelligence was 16 (limit:18).
 Your wisdom was 18 (limit:18).
 Your charisma was 8 (limit:18).

Final Status:
 You weren't hungry.
 You were unencumbered.
 You were wielding a whip.
 You had basic skill with whip.

Final Attributes:
 You were piously aligned.
 You had automatic searching.
 You are dead.

Miscellaneous:
 You didn't encounter any bones levels.
 Total elapsed playing time was 23 minutes and 13 seconds.

Major events:
 Turn
    1: LDaviesPeters the neutral female human Archeologist entered the dungeon
 1497: attained the rank of Field Worker (level 3)
 2247: entered the Gnomish Mines
 2275: killed by a dwarf

Spells:
 Name                 Level Category     Fail Retention
 magic missile          2   attack        90%  76%-100%

Skills:
 Fighting Skills
   bare handed combat [Unskilled]
   two weapon combat  [Unskilled]
   riding             [Unskilled]
 Weapon Skills
   dagger             [Unskilled]
   knife              [Unskilled]
   pick-axe           [Basic]
   short sword        [Unskilled]
   saber              [Unskilled]
   club               [Unskilled]
   quarterstaff       [Unskilled]
   sling              [Unskilled]
   dart               [Unskilled]
   boomerang          [Unskilled]
   whip               [Basic]
   unicorn horn       [Unskilled]
 Spellcasting Skills
   attack spells      [Unskilled]
   healing spells     [Unskilled]
   divination spells  [Unskilled]
   matter spells      [Unskilled]

Voluntary challenges:
 Character rerolling was not enabled.
 You were an atheist.
 You never genocided any monsters.
 You never polymorphed an object.
 You never changed form.
 You used no wishes.
Achievements:
 You entered a shop.
 You attained the rank of Field Worker.
 You entered the Gnomish Mines.

 The Dungeons of Doom: levels 1 to 3
    Level 1:
       A fountain.
    Level 2:
       A fountain.
    Level 3:
       A potion shop.
       Stairs down to The Gnomish Mines.
 The Gnomish Mines:
    Level 4: <- You were here.
       Final resting place for
          you, killed by a dwarf.


Vanquished creatures:
  2 shriekers
  3 acid blobs
  a hobbit
  2 gnomes
  3 geckos
  8 jackals
  a fox
  3 goblins
  8 grid bugs
  2 bats
  3 lichens
  2 kobold zombies
  5 newts
43 creatures vanquished.

No species were genocided or became extinct.

Game over:
                       ----------
                      /          \
                     /    REST    \
                    /      IN      \
                   /     PEACE      \
                  /                  \
                  |  LDaviesPeters   |
                  |      94 Au       |
                  |   killed by a    |
                  |      dwarf       |
                  |                  |
                  |                  |
                  |       2026       |
                 *|     *  *  *      | *
        _________)/\\_//(\/(/\)/\//\/|_)_______

Goodbye LDaviesPeters the Archeologist...

You died in The Gnomish Mines on dungeon level 4 with 701 points,
and 94 pieces of gold, after 2275 moves.
You were level 4 with a maximum of 34 hit points when you died.

